 Dungeon Crawl Stone Soup version 0.25-a0-290-g4a1327ee3a (webtiles) character file.

Game seed: 9158853286502094165, levelgen mode: deterministic

112 MoonlitKnight the Poker (level 4, -2/36 HPs)
             Began as a Merfolk Skald on Dec 14, 2019.
             Slain by a shadow imp (3 damage)
             ... summoned by Natasha
             ... on level 2 of the Dungeon.
             The game lasted 00:05:48 (2371 turns).

MoonlitKnight the Poker (Merfolk Skald)             Turns: 2371, Time: 00:05:50

Health: -2/36      AC:  5    Str: 12    XL:     4   Next: 93%
Magic:  2/7        EV: 12    Int: 12    God:
Gold:   109        SH:  0    Dex: 13    Spells: 1/7 levels left

rFire    . . .     SeeInvis .   a - +0 spear
rCold    . . .     Gourm    .   (no shield)
rNeg     . . .     Faith    .   l - +0 ring mail
rPois    .         Spirit   .   (no helmet)
rElec    .         Reflect  .   (no cloak)
rCorr    .         Harm     .   (no gloves)
MR       .....                  (no boots)
Stlth    +.........             (no amulet)
HPRegen  0.12/turn              (no ring)
MPRegen  0.10/turn              (no ring)

@: very slightly contaminated
A: change form in water, swift swim, stealthy swim
a: no special abilities


You were on level 2 of the Dungeon.
You were hungry.

You visited 1 branch of the dungeon, and saw 2 of its levels.

You collected 109 gold pieces.

Inventory:

Hand Weapons
 a - a +0 spear (weapon)
Missiles
 h - 7 javelins (quivered)
 k - 20 poisoned darts
Armour
 b - a +0 leather armour
 l - a +0 ring mail (worn)
Jewellery
 n - a cursed amulet of inaccuracy {unknown}
Scrolls
 e - a scroll of amnesia {unknown}
 g - a scroll of enchant armour {unknown}
 o - a scroll of immolation {unknown}
Potions
 c - a potion of haste {unknown}
 f - a potion of berserk rage {unknown}
 i - a potion of cancellation {unknown}
 m - a potion of might {unknown}
 p - a potion of invisibility {unknown}
Comestibles
 d - 4 rations
 j - 4 chunks of flesh


   Skills:
 + Level 3.6 Fighting
 + Level 4.7 Polearms
 - Level 0.6 Armour
 + Level 4.3 Dodging
 - Level 2.0 Spellcasting
 - Level 3.2 Charms


You had one spell level left.
You knew the following spells:

 Your Spells              Type           Power        Failure   Level  Hunger
a - Infusion              Chrm           #...         16%         1    ##.....
b - Shroud of Golubria    Chrm/Tloc      #.....       43%         2    ###....
c - Spectral Weapon       Hex/Chrm       #.......     67%         3    ####...

Your spell library contained the following spells:

 Spells                   Type           Power        Failure   Level  Hunger
 Song of Slaying          Chrm           #.......     24%         2    ###....
 Regeneration             Chrm/Necr      #.........   67%         3    ####...


Dungeon Overview and Level Annotations

Branches:
Dungeon (2/15)

Altars:
Elyvilon
Sif Muna

Annotations:
D:2 Natasha


Message History

Casting: Shroud of Golubria (safe; 43% risk of failure)
Confirm with . or Enter, or press ? or * to list all spells.
You miscast Infusion.
Waves of light ripple over your body.
You closely miss the shadow imp. The shadow imp misses you. x2
You barely miss the shadow imp.
The shadow imp is almost dead.
The shadow imp hits you.
* * * LOW HITPOINT WARNING * * *
The shadow imp barely misses you.
You barely miss the shadow imp.
The shadow imp is almost dead.
The shadow imp hits you.
* * * LOW HITPOINT WARNING * * *
You closely miss the shadow imp.
The shadow imp is almost dead.
The shadow imp barely misses you.
Natasha wildly gestures.
You feel troubled. The shadow imp hits you.
You die...

#.........# #...# ###[#....
##.......## ###.# #......
#...[.....# ##.#######......
#.........# #.......##......
#.........##### #.......#.......
#.............# #...............
#.............###[....<.........
##.............#55...............
.........#......@#...........#...
.....##.##.....###........#..#...
.....##.##......##.......#.......
.....##..#......##.......#.#.....
.....###.........#.........#...).
.....####.######.......#))....###
...................._..#<....####
.....###.......#.....###.........
.....###............#....##.#....


You could see 2 shadow imps.

Vanquished Creatures
  Natasha (D:2)
  2 adders (D:2)
  3 worms (D:2)
  A dart slug (D:1)
  2 leopard geckos
  3 orcs (D:2)
  4 giant cockroaches (D:1)
  4 goblins
  9 hobgoblins
  7 jackals
  4 kobolds
  3 quokkas (D:2)
  2 bats (D:1)
  A frilled lizard (D:1)
  2 rats (D:2)
48 creatures vanquished.

Vanquished Creatures (others)
  A quokka (D:2)
1 creature vanquished.

Grand Total: 49 creatures vanquished

Notes
Turn   | Place    | Note
-------+----------+-------------------------------------------
     0 | D:1      | MoonlitKnight the Merfolk Skald began the quest for the
                  | Orb.
     0 | D:1      | Reached XP level 1. HP: 16/16 MP: 3/3
   279 | D:1      | Reached XP level 2. HP: 23/23 MP: 1/5
   525 | D:1      | Learned a level 2 spell: Shroud of Golubria
   829 | D:1      | Reached XP level 3. HP: 28/28 MP: 6/6
  1209 | D:2      | Found a shimmering blue altar of Sif Muna.
  1249 | D:1      | Reached XP level 4. HP: 16/35 MP: 0/7
  1686 | D:2      | Found a white marble altar of Elyvilon.
  2004 | D:2      | Learned a level 3 spell: Spectral Weapon
  2077 | D:2      | Noticed Natasha
  2088 | D:2      | Killed Natasha
  2358 | D:2      | Noticed Natasha
  2370 | D:2      | HP: 1/36 [shadow imp[Natasha] (1)]
  2371 | D:2      | Slain by a shadow imp

Levels and vault maps discovered:
D:1:      tarquinn_simple_flora_water_d, layout_basic
D:2:      layout_rooms, overflow_temple_1_default, elyvilon_altar_4,
          uniq_natasha

Skill      XL: |  1  2  3  4 |
---------------+-------------+-----
Dodging        | 3 4 |  4.3
Fighting       | 3 |  3.6
Polearms       | 4 |  4.7
Armour         | |  0.6
Spellcasting   | |  2.0
Charms         | |  3.2

Action                   |  1- 3 |  4- 6 || total
-------------------------+-------+-------++-------
Melee: Spear             |    93 |   104 ||   197
Throw: Javelin           |     9 |     4 ||    13
 Cast: Infusion          |     9 |     5 ||    14
       Shroud of Golubri |       |     2 ||     2
  Eat: Chunk             |     1 |     4 ||     5
Armor: Leather armour    |    23 |     5 ||    28
       Ring mail         |       |    12 ||    12
Dodge: Dodged            |    63 |    58 ||   121

Table legend:
 A = Non-vault XP
 B = Vault XP
 C = Vault XP percentage of total XP
 D = Non-vault monster count
 E = Vault monster count
 F = Vault count percentage of total count
                 A         B        C        D         E       F
            +---------+---------+-------+---------+---------+-------
      Total |     127 |      33 |  20.6 |      47 |       1 |   2.1
            +---------+---------+-------+---------+---------+-------
        D:1 |      43 |       0 |   0.0 |      21 |       0 |   0.0
        D:2 |      84 |      33 |  28.2 |      26 |       1 |   3.7
            +---------+---------+-------+---------+---------+-------
